 Dungeon Crawl Stone Soup version 0.19-a0-1022-g07f772b (webtiles) character file.

507756 Deemzul the Orcish Blade (level 25, -13/233 HPs)
             Began as a Hill Orc Fighter on July 28, 2016.
             Was the Champion of Beogh.
             Killed from afar by a Brimstone Fiend (29 damage)
             ... with damnation
             ... on level 7 of Gehenna.
             The game lasted 03:00:02 (55780 turns).

Deemzul the Orcish Blade (Hill Orc Fighter)        Turns: 55780, Time: 03:00:04

Health: -13/233    AC: 46    Str: 37    XL:     25   Next: 4%
Magic:  35/35      EV: 16    Int: 19    God:    Beogh [******]
Gold:   6663       SH: 33    Dex: 18    Spells: 0 memorised, 24 levels left

rFire  + + +     SeeInvis .     E - +8 demon blade "Leech" {vamp, rN+ AC-3 EV-3}
rCold  + + .     Gourm    .     C - +8 orange crystal plate armour {Archmagi, Int+3 Clar SustAt}
rNeg   + + .     Faith    .     o - +5 large shield "Rauvess" {-Cast rF+++ rC+ MR+}
rPois  .         Spirit   .     G - +2 hat {MR+}
rElec  +         Dismiss  .     x - +1 cloak of Starlight {rElec rC+ EV+4 Stlth--}
rCorr  +         Reflect  .     z - +0 pair of gloves of Difulysch {rF- rCorr Int+6 Dex+2}
SustAt +         Harm     .     k - +0 pair of boots {run}
MR     +++..     Clarity  +     T - amulet "Sabuatits" {rElec rF+ Regen+ Str+3}
Stlth  .......... NoCast   +    u - ring "Geitwiog" {rN+ Int+4}
                                V - +5 ring of strength

@: about to teleport, quick, extremely resistant to hostile enchantments,
extremely unstealthy
A: walk on water, antennae 1, talons 1, thin skeletal structure 1, yellow scales
1, agile 1, blink, deterioration 1, dopey 1, sense surroundings 1, shaggy fur 1,
sturdy frame 1
a: Blink, Smiting, Recall Orcish Followers, Give Item to Named Follower,
Resurrection, Renounce Religion
}: 3/15 runes: decaying, silver, gossamer


You were on level 7 of Gehenna.
You worshipped Beogh.
Beogh was exalted by your worship.
You were hungry.

You visited 12 branches of the dungeon, and saw 52 of its levels.
You visited 1 bazaar.
You also visited: Ice Cave.

You collected 7845 gold pieces.
You spent 1182 gold pieces at shops.

Inventory:

Hand Weapons
 E - the +8 demon blade "Leech" (weapon) {vamp, rN+ AC-3 EV-3}
   (You took it off Jory on level 3 of the Crypt)

   It inflicts no extra harm, but heals its wielder somewhat when it strikes a
   living foe.
   It affects your AC (-3).
   It affects your evasion (-3).
   It protects you from negative energy.
Armour
 k - a +0 pair of boots of running (worn)
 o - the +5 large shield "Rauvess" (worn) {-Cast rF+++ rC+ MR+}
   (You found it on level 5 of the Dungeon)

   It renders you almost immune to fire.
   It protects you from cold.
   It affects your resistance to hostile enchantments.
   It prevents spellcasting.
 x - the +1 cloak of Starlight (worn) {rElec rC+ EV+4 Stlth--}
   (You found it on level 2 of the Lair of Beasts)

   It affects your evasion (+4).
   It protects you from cold.
   It insulates you from electricity.
   It makes you much less stealthy.
 z - the +0 pair of gloves of Difulysch (worn) {rF- rCorr Int+6 Dex+2}
   (You found it on level 13 of the Dungeon)

   It affects your intelligence (+6).
   It affects your dexterity (+2).
   It makes you vulnerable to fire.
   It protects you from acid and corrosion.
 C - the +8 orange crystal plate armour (worn) {Archmagi, Int+3 Clar SustAt}
   (You took it off a deep elf high priest on level 1 of the Elven Halls)

   It affects your intelligence (+3).
   It sustains your strength, intelligence and dexterity.
   It protects you against confusion.
 G - a +2 hat of magic resistance (worn)
Rods
 y - a +3 iron rod (16/16)
   (You took it off an orc wizard on level 10 of the Dungeon)
 D - a +4 rod of clouds (10/10)
   (You took it off a deep elf sorcerer on level 3 of the Elven Halls)
Jewellery
 m - the ring of Kyideh {rF+ rC+ MR+}
   (You found it on level 5 of the Vaults)

   [ring of protection from magic]

   It protects you from fire.
   It protects you from cold.
   It affects your resistance to hostile enchantments.
 s - the ring "Maocwun" {+Blink rN+ MR+ Str-2}
   (You found it on level 3 of the Crypt)

   [ring of positive energy]

   It affects your strength (-2).
   It protects you from negative energy.
   It affects your resistance to hostile enchantments.
   It lets you blink.
 u - the ring "Geitwiog" (right hand) {rN+ Int+4}
   (You found it on level 3 of the Crypt)

   [ring of positive energy]

   It affects your intelligence (+4).
   It protects you from negative energy.
 B - an uncursed ring of see invisible
 T - the amulet "Sabuatits" (around neck) {rElec rF+ Regen+ Str+3}
   (You took it off a deep elf demonologist on level 3 of the Elven Halls)

   [amulet of regeneration]

   It affects your strength (+3).
   It protects you from fire.
   It insulates you from electricity.
   It increases your rate of regeneration.
 V - a +5 ring of strength (left hand)
Wands
 d - a wand of acid (4/15)
 e - a wand of digging (12/24)
 A - a wand of paralysis (15/24)
 H - a wand of acid (10/15)
 O - a wand of teleportation (5/9)
 R - a wand of polymorph (12/24)
 X - a wand of teleportation (3/9)
Scrolls
 c - 3 scrolls of amnesia
 g - 5 scrolls of magic mapping
 l - 36 scrolls of remove curse
 n - 30 scrolls of identify
 w - 13 scrolls of teleportation
 F - 3 scrolls of silence
 N - 3 scrolls of summoning
 Q - a scroll of holy word
 S - 5 scrolls of fog
 U - 6 scrolls of blinking
Potions
 a - a potion of brilliance
 i - 5 potions of heal wounds
 r - 2 potions of invisibility
 t - 11 potions of curing
 I - a potion of ambrosia
 Y - 4 potions of resistance
Miscellaneous
 b - a phial of floods
 h - a lamp of fire
 q - a fan of gales
 v - the horn of Geryon (inert)
Comestibles
 f - 26 bread rations
 j - 21 meat rations
 J - 7 fruits


   Skills:
 + Level 20.6 Fighting
 + Level 22.0 Long Blades
 + Level 19.4 Armour
 + Level 12.2 Dodging
 + Level 18.9 Shields
 - Level 8.0 Invocations
 + Level 16.5 Evocations


You had 24 spell levels left.
You didn't know any spells.

Dungeon Overview and Level Annotations

Branches:
Dungeon (15/15)            Temple (1/1) D:5            Lair (6/6) D:10
  Swamp (4/4) Lair:2       Spider (4/4) Lair:3        Slime (0/5) Lair:6
    Orc (2/2) D:11            Elf (3/3) Orc:2        Vaults (5/5) D:13
  Crypt (3/3) Vaults:2       Tomb (0/3) Crypt:3      Depths (2/5) D:15
   Hell (1/1)                 Geh (7/7) Hell
    Dis: Hell:1         Coc: Hell:1         Tar: Hell:1

Altars:
Ashenzari
Cheibriados
Dithmenos
Elyvilon
Fedhas
Gozag
Hepliaklqana
Kikubaaqudgha
Makhleb
Nemelex Xobeh
Okawaru
Pakellas
Qazlal
Ru
Sif Muna
Trog
Uskayaw
Vehumet
Xom
Yredelemnul
Zin
The Shining One
Beogh
Jiyva

Shops:
Orc:2 ?![[%   Elf:2 (

Portals:
Hell: Depths:1

Annotations:
Elf:2 5 runed doors
Geh:7 Asmodeus


Innate Abilities, Weirdness & Mutations

You can walk on water.
You have a pair of small antennae on your head.
You have sharp toenails.
You have a somewhat thin skeletal structure. (Dex +2, Stealth)
You are partially covered in yellow scales. (AC +2)
You are agile. (Dex +2)
You can translocate small distances at will.
Your body sometimes deteriorates upon taking damage.
You are dopey. (Int -2)
You passively map a small area around you.
You are covered in fur. (AC +1)
Your movements are slightly less encumbered by armour. (ER -2)


Message History

Unknown command.
Unknown command.
As you read the scroll of teleportation, it crumbles to dust.
You feel strangely unstable.
Your hell beast bites the Brimstone Fiend.
Your hell beast tramples the Brimstone Fiend but does no damage.
The Brimstone Fiend gestures at you.
The sphere of damnation explodes!
The damnation engulfs you!
* * * LOW HITPOINT WARNING * * *
The damnation engulfs the Brimstone Fiend.
The Brimstone Fiend completely resists.
The damnation engulfs your hell beast.
Your hell beast is engulfed in roaring flames.
Your hell beast closely misses Asmodeus.
Your hell beast tramples Asmodeus but does no damage.
The Brimstone Fiend gestures at you.
The sphere of damnation explodes!
The damnation engulfs the Brimstone Fiend.
The Brimstone Fiend completely resists.
The damnation engulfs your hell beast. x2
The damnation engulfs you!
You die...

...≈§≈≈≈§≈≈≈§≈≈#,,,,**,,,*,,,,*
...≈≈≈#########**,,,,*******+**
..≈≈≈≈#,,,,,,******,,*******+****
..≈≈§§#,,,,,,*,,,,*,,*,,,,,,,,,,*
.≈≈≈§§#,,,,,,+,,,,*,,*,****,,,,,+
.≈≈≈§§#,,,,,,*,,,,*,,*,+,,*,,,,,*
.≈§≈≈≈#,,,,,,*,,,,*,,*,+,,*,,,,,*
.≈≈≈≈≈#,,,,,,##++##,,*,****,,,,,+
§§§≈§≈#≈*,,,,#..@.#,,*,,,,,,,,,,+
.≈≈≈≈≈#,*,,,,#..12#,,************
.≈≈≈≈≈#,*,,,,#.2§1#,,*,,,,,,,,,,*
.≈≈≈≈≈#####**#§§&§#,,*,,,,,,,,,,+
.≈§≈≈≈≈§§≈≈* #§§§§+,,*,,,,,,,,,,+
..§≈≈§≈≈§§≈* #§§§.#,,*,,,,,,,,,,*
..§≈≈§§§≈§≈* ######***,,,,,,,,,,*
..§≈§§§§≈§≈***********,,,,,,,,,,*
...≈≈≈≈≈§≈≈§≈≈§≈≈§§§#*+***#####**


You could see Asmodeus, 2 Brimstone Fiends and 2 friendly hell beasts.

Vanquished Creatures
  Sojobo (Crypt:2)
  the Lernaean hydra (Swamp:4)
  Jory (Crypt:3)
  A pearl dragon (Depths:1)
  9 Brimstone Fiends
  A shard shrike skeleton (Crypt:3)
  3 liches
  Rupert (D:14)
  A deep elf blademaster (Elf:3)
  2 deep elf master archers (Elf:3)
  3 titans
  3 sphinxes
  Frances (D:12)
  An eldritch tentacle (Geh:7)
  An Executioner (Geh:7)
  A tengu reaver (Crypt:2)
  2 ancient champions (Crypt:1)
  2 storm dragons
  A thorn hunter (Swamp:3)
  2 shadow dragons (Vaults:4)
  Donald (Vaults:2)
  5 fire giants
  The ghost of Deemzul the Fencer, an adept OpMo of Dithmenos (Elf:2)
  12 vault wardens
  A frost giant (Vaults:5)
  3 deep elf sorcerers
  2 deep elf elementalists (Elf:3)
  8 balrugs
  A war gargoyle (Hell)
  8 stone giants
  3 emperor scorpions
  A reaper (Hell)
  7 ironheart preservers
  A ghoul (Crypt:3)
  2 very ugly things (Vaults:4)
  4 deep elf demonologists
  An ophan (Depths:1)
  2 entropy weavers
  2 spark wasps (Depths:1)
  5 deep elf annihilators (Elf:3)
  A mottled draconian (Vaults:2)
  7 vampire knights
  2 blizzard demons (IceCv)
  8 deep elf death magi
  4 eidola
  4 ettins
  12 jiangshi
  A quicksilver dragon zombie (Geh:2)
  A small abomination (Vaults:5)
  A great orb of eyes (Vaults:4)
  12 yaktaur captains
  A quicksilver dragon skeleton (Geh:7)
  A rakshasa (Vaults:3)
  18 vault guards
  18 hydras
  3 ice dragons
  9 ogre magi
  A ghost crab (Swamp:4)
  12 centaur warriors
  19 hell hogs
  8 dancing weapons
  A queen ant (Spider:2)
  A death yak (Lair:6)
  4 death knights
  4 deep troll shamans (Depths:1)
  A tengu warrior (Depths:1)
  2 titan zombies
  3 deep troll earth magi
  14 vampire magi
  Urug (D:13)
  2 spriggan berserkers (Elf:3)
  7 soul eaters
  3 shadow wraiths
  4 spriggans
  Sonja (D:11)
  20 sun demons
  4 deep elf knights
  8 hell knights
  2 storm dragon skeletons
  A fire crab (shapeshifter) (Vaults:5)
  3 unseen horrors
  2 anaconda zombies
  20 skeletal warriors
  11 deep trolls
  A spriggan druid (Swamp:3)
  4 flayed ghosts
  A ghost moth zombie (Geh:7)
  A golden dragon zombie (Geh:2)
  A giant orange brain (Vaults:4)
  8 deep elf archers
  4 wizards
  29 deep elf magi
  An obsidian statue (Depths:1)
  9 phantasmal warriors
  2 lindwurms (Lair:2)
  7 swamp dragons (Swamp:4)
  5 orc knights
  9 hill giants
  5 necromancers
  2 fire giant zombies
  8 orb spiders
  A hornet (shapeshifter) (Vaults:4)
  7 ironbrand convokers
  3 anaconda skeletons
  9 ugly things
  2 frost giant zombies
  2 golden dragon skeletons
  A manticore (D:15)
  An orc sorcerer (Elf:2)
  19 wolf spiders
  2 iron dragon zombies
  3 wolf spider zombies
  5 hornets
  A shadow dragon skeleton (Crypt:2)
  A tengu skeleton (Vaults:5)
  A wolf spider (shapeshifter) (Vaults:5)
  A cyclops (shapeshifter) (Vaults:4)
  2 griffons
  A sphinx skeleton (Vaults:4)
  2 cyclopes (Vaults:2)
  A dire elephant zombie (Geh:2)
  A moth of wrath (Spider:2)
  A shock serpent zombie (Geh:1)
  An elephant (shapeshifter) (Vaults:5)
  A stone giant skeleton (Geh:1)
  2 fire giant skeletons
  An ice statue (IceCv)
  A smoke demon (Geh:2)
  7 molten gargoyles (Geh:7)
  3 elephants
  10 vault sentinels
  An eye of devastation (shapeshifter) (Vaults:2)
  2 black mambas
  9 spiny frogs
  A torpor snail (Lair:4)
  A rust devil (Depths:1)
  A swamp worm zombie (Crypt:1)
  An eye of devastation (Vaults:2)
  A shock serpent skeleton (Crypt:1)
  An emperor scorpion zombie (Geh:1)
  25 yaktaurs
  7 hellions
  2 golden dragon simulacra
  3 komodo dragons
  12 freezing wraiths
  2 tormentors
  3 anaconda simulacra (IceCv)
  A mottled draconian skeleton (Crypt:1)
  A tengu conjurer (Depths:1)
  2 demonic crawlers
  6 ice devils
  A sea snake skeleton (Crypt:3)
  A green draconian skeleton (Crypt:2)
  20 red devils
  A queen bee (shapeshifter) (Depths:1)
  4 trolls
  11 jumping spiders
  A merfolk (D:9)
  10 two-headed ogres
  Grinder (D:3)
  19 slime creatures
  3 giant leeches
  A minotaur skeleton (Crypt:1)
  3 blink frogs
  6 bog bodies
  A hornet zombie (D:13)
  5 hydra skeletons
  A blink frog (shapeshifter) (Vaults:2)
  4 fire dragon zombies
  3 boulder beetles
  43 redbacks
  16 flying skulls
  Sigmund (D:2)
  A fire dragon skeleton (Geh:7)
  2 black mamba zombies
  A water elemental (D:11)
  An air elemental (Elf:3)
  6 wraiths
  15 yaks
  4 ettin skeletons
  17 shadows
  A dire elephant simulacrum (IceCv)
  10 vampires
  20 fire elementals
  An ice dragon skeleton (Geh:2)
  10 tarantellas
  A wyvern (D:12)
  6 humans (D:12)
  Eustachio (D:5)
  16 vampire mosquitoes
  A golden eye (shapeshifter) (Vaults:5)
  Grum (D:7)
  2 basilisks
  A yaktaur simulacrum (Vaults:4)
  2 hippogriffs
  A hungry ghost (D:4)
  A merfolk zombie (Geh:2)
  4 iron troll simulacra (IceCv)
  4 insubstantial wisps
  A death yak simulacrum (IceCv)
  A harpy simulacrum (IceCv)
  12 swamp worms
  14 hell hounds
  5 soldier ants
  5 water moccasins
  5 hydra simulacra (IceCv)
  3 porcupines
  4 swamp drakes
  An infernal demonspawn skeleton (Crypt:2)
  8 orc warriors
  A sky beast (D:8)
  7 wasps
  2 phantoms
  An eye of draining (D:15)
  An alligator simulacrum (IceCv)
  2 ice beasts
  2 manticore zombies
  A spiny frog skeleton (Geh:7)
  A fire dragon simulacrum (Depths:1)
  A snapping turtle zombie (Crypt:3)
  3 necrophages
  A swamp dragon zombie (Geh:3)
  14 centaurs
  27 ogres
  8 boggarts
  11 wolves
  A manticore skeleton (Crypt:1)
  3 snapping turtle skeletons
  4 crocodiles
  A rime drake skeleton (Crypt:2)
  A big kobold (D:12)
  12 giant frogs
  A wyvern skeleton (D:6)
  A scorpion (D:7)
  An elephant simulacrum (IceCv)
  2 killer bees (D:12)
  43 wights
  5 electric eels
  3 howler monkeys
  A centaur zombie (Geh:7)
  13 crimson imps
  4 draconian simulacra (IceCv)
  3 hounds
  A soldier ant zombie (Crypt:1)
  10 orc wizards
  11 orc priests
  A giant frog skeleton (D:13)
  3 iron imps (Depths:1)
  7 iguanas
  Natasha (D:2)
  A spriggan simulacrum (IceCv)
  11 worker ants
  9 hell rats
  2 troll simulacra (IceCv)
  3 sheep
  A wolf simulacrum (IceCv)
  A naga zombie (Crypt:1)
  3 centaur simulacra
  An ogre skeleton (Geh:3)
  A wasp simulacrum (D:14)
  A hound zombie (D:11)
  4 hound skeletons
  A howler monkey zombie (D:10)
  9 gnolls
  3 ogre simulacra (IceCv)
  27 river rats
  10 adders
  A naga simulacrum (IceCv)
  3 shadow imps
  A swamp drake skeleton (Crypt:2)
  7 white imps
  7 ufetubi (IceCv)
  An ooze (D:1)
  An adder skeleton (D:9)
  3 worms
  4 dart slugs
  5 giant geckos
  68 orcs
  A ball python (D:4)
  7 bats
  A bat zombie (D:2)
  4 giant cockroaches
  8 goblins
  13 hobgoblins
  12 jackals
  3 quokkas
  2 giant gecko skeletons
  7 giant newts
  A giant newt zombie (Crypt:2)
  A gnoll skeleton (Crypt:1)
  A goblin zombie (Crypt:3)
  11 kobolds
  An orc skeleton (Geh:2)
  A quokka zombie (D:5)
  14 rats
  3 rat zombies
  2 briar patches (Swamp:3)
  A crawling corpse (Elf:3)
1486 creatures vanquished.

Vanquished Creatures (collateral kills)
  3 ancient liches (Vaults:4)
  Geryon (Hell)
  A tentacled monstrosity (Vaults:4)
  2 titans
  2 deep elf blademasters (Elf:3)
  Murray (Depths:1)
  An ancient champion (Vaults:2)
  2 thorn hunters
  3 shadow dragons
  3 tengu reavers
  3 storm dragons
  A revenant (Crypt:3)
  The ghost of vogonpoet the Impaler, a journeyman NaBe of Trog (Lair:4)
  3 fire giants
  4 frost giants (Vaults:4)
  3 deep elf sorcerers
  A ghost moth (Spider:4)
  An iron dragon (Vaults:4)
  A deep elf elementalist (Elf:3)
  7 vault wardens
  4 emperor scorpions (Spider:4)
  7 ironheart preservers
  The ghost of Deemzul the Severer, a journeyman HOFi of Beogh (D:15)
  2 ghouls (Crypt:1)
  Louise (Swamp:2)
  2 reapers
  6 stone giants
  A war gargoyle (Vaults:4)
  A juggernaut skeleton (Crypt:3)
  Nessos (Orc:2)
  2 very ugly things
  4 entropy weavers
  4 deep elf demonologists
  An apis (Depths:1)
  9 vampire knights
  A spark wasp (Depths:1)
  2 deep elf annihilators
  Azrael (D:14)
  A quicksilver dragon zombie (Crypt:3)
  3 eidola
  A fire dragon (Depths:1)
  A blizzard demon (Depths:1)
  4 deep elf death magi
  4 deep elf high priests
  2 ettins
  4 ogre magi
  A jiangshi (Crypt:2)
  Erolcha (D:13)
  16 vault guards
  A rakshasa (Vaults:2)
  2 hydras
  3 orc knights
  7 yaktaur captains
  3 ice dragons
  4 catoblepae
  2 centaur warriors
  10 dancing weapons
  6 death knights
  5 alligators
  A vampire mage (Crypt:3)
  14 death yaks (Lair:6)
  A spriggan berserker (Elf:3)
  A deep troll earth mage (Vaults:2)
  9 soul eaters
  6 spriggans
  5 deep elf knights
  2 storm dragon zombies (Crypt:3)
  2 hell knights (Vaults:4)
  A golden dragon zombie (Crypt:3)
  A shadow wraith (Vaults:5)
  3 swamp dragons
  A spark wasp zombie (Depths:1)
  A large abomination (Elf:3)
  9 skeletal warriors
  5 deep trolls
  2 flayed ghosts
  7 ironbrand convokers
  3 hill giants
  2 shambling mangroves
  A shadow dragon zombie (Crypt:3)
  A wizard (D:15)
  A swamp dragon (shapeshifter) (Depths:1)
  9 phantasmal warriors
  2 lindwurms (Lair:2)
  A harpy (shapeshifter) (Vaults:4)
  35 deep elf magi
  16 deep elf archers
  An obsidian statue (Vaults:1)
  6 orb spiders
  11 wolf spiders
  13 ugly things
  A human zombie (Vaults:1)
  An iron dragon zombie (Crypt:3)
  A necromancer (Vaults:1)
  An orc sorcerer (D:15)
  A frost giant zombie (Crypt:3)
  3 griffons
  5 hornets
  4 cyclopes
  A centaur zombie (D:15)
  6 elephants
  2 rust devils (Depths:1)
  6 black mambas
  3 vault sentinels
  11 spiny frogs
  An ice statue (Elf:2)
  A torpor snail (Spider:4)
  A naga mage (D:15)
  A centaur skeleton (D:15)
  A gargoyle (D:11)
  A komodo dragon (shapeshifter) (Elf:3)
  3 demonic crawlers
  17 yaktaurs
  8 freezing wraiths
  A troll (D:11)
  A komodo dragon (Lair:1)
  6 giant leeches
  19 jumping spiders
  A deep troll zombie (Depths:1)
  3 two-headed ogres
  6 boulder beetles
  18 blink frogs
  An ice dragon zombie (Crypt:3)
  17 slime creatures
  A meliai zombie (D:12)
  6 shadows
  18 redbacks
  8 tarantellas
  47 yaks
  A water elemental (Elf:3)
  5 wraiths
  6 vampires (Crypt:3)
  A basilisk (Lair:4)
  6 fire elementals
  5 hippogriffs
  10 humans (D:12)
  16 vampire mosquitoes
  A yaktaur simulacrum (Vaults:1)
  3 insubstantial wisps (Swamp:2)
  A mottled dragon (D:12)
  A soldier ant (shapeshifter) (Vaults:4)
  2 wargs
  14 soldier ants (Spider:2)
  A hell hound (D:14)
  4 swamp worms
  A porcupine (Lair:1)
  5 water moccasins
  5 swamp drakes
  An ice beast (D:13)
  16 orc warriors
  2 black bears
  A giant eyeball (shapeshifter) (Vaults:4)
  A phantom (D:12)
  A necrophage (Crypt:1)
  2 eyes of draining
  A boggart (Depths:1)
  7 wasps
  9 wolves (Lair:6)
  21 ogres
  16 centaurs
  9 crocodiles
  A fire crab zombie (Crypt:3)
  9 giant frogs
  2 earth elementals
  A draconian skeleton (Crypt:3)
  4 killer bees (D:12)
  4 wights
  2 electric eels
  A crimson imp (Depths:1)
  An orc priest (Orc:2)
  7 orc wizards
  A black bear skeleton (Crypt:1)
  An iron imp (Depths:1)
  8 worker ants
  3 iguanas
  3 hell rats (Lair:5)
  A boulder beetle simulacrum (Vaults:1)
  5 sheep
  A hound skeleton (D:10)
  33 river rats
  An adder (D:11)
  2 white imps
  7 orcs
  6 hobgoblins (Orc:1)
  2 kobolds (D:12)
  2 briar patches (Swamp:3)
  2 butterflies (Lair:6)
  3 crawling corpses
  16 fungi
  10 plants
895 creatures vanquished.

Vanquished Creatures (others)
  A fire giant (Vaults:4)
  3 orc warlords
  A ghost moth (Spider:4)
  A deep elf elementalist (Elf:3)
  A deep elf high priest (Vaults:5)
  A dancing weapon (Elf:1)
  An orc high priest (Elf:3)
  8 orc knights
  4 hell hogs
  A deep elf knight (Vaults:3)
  An unseen horror (Vaults:1)
  A golden dragon skeleton (Vaults:5)
  A deep elf mage (Elf:3)
  2 orc sorcerers (Elf:1)
  A yaktaur (Vaults:5)
  An anaconda simulacrum (Hell)
  2 jumping spiders (Spider:2)
  2 red devils
  A slime creature (Swamp:4)
  27 orc warriors
  A tarantella (Spider:4)
  A wraith (Geh:7)
  A shadow (Geh:1)
  19 orc priests
  12 orc wizards
  A boggart (Vaults:3)
  An ogre (Vaults:1)
  A wight (Geh:3)
  A crimson imp (D:7)
  A jelly (D:7)
  An adder (D:7)
  3 white imps (IceCv)
  An ufetubus (IceCv)
  60 orcs
  3 jackals (D:9)
  A briar patch (Swamp:3)
  10 eldritch tentacle segments (Geh:7)
  6 fungi
  10 plants
195 creatures vanquished.

Grand Total: 2576 creatures vanquished

Notes
Turn   | Place    | Note
-------+----------+-------------------------------------------
     0 | D:1      | Deemzul the Hill Orc Fighter began the quest for the Orb.
     0 | D:1      | Reached XP level 1. HP: 19/19 MP: 1/1
   130 | D:1      | Reached XP level 2. HP: 19/27 MP: 2/2
   432 | D:1      | Reached XP level 3. HP: 29/33 MP: 3/3
   512 | D:1      | Reached skill level 3 in Long Blades
   730 | D:2      | Noticed Sigmund
   740 | D:2      | Killed Sigmund
   740 | D:2      | Reached skill level 4 in Long Blades
   740 | D:2      | Reached XP level 4. HP: 7/41 MP: 4/4
   740 | D:2      | Reached XP level 5. HP: 8/47 MP: 5/5
  1072 | D:2      | Found a shattered altar of Ashenzari.
  1271 | D:2      | Reached XP level 6. HP: 55/55 MP: 6/6
  1333 | D:2      | Found a deep blue altar of Sif Muna.
  1449 | D:2      | Noticed Natasha
  1662 | D:2      | Found an ancient bone altar of Kikubaaqudgha.
  1729 | D:2      | Killed Natasha
  1729 | D:2      | Reached skill level 5 in Fighting
  1853 | D:3      | Noticed Grinder
  1869 | D:3      | Paralysed by Grinder for 4 turns
  1914 | D:3      | Reached skill level 5 in Long Blades
  2285 | D:4      | Reached XP level 7. HP: 58/61 MP: 7/7
  2672 | D:3      | Reached skill level 5 in Armour
  2816 | D:3      | Paralysed by Grinder for 2 turns
  2820 | D:3      | Paralysed by Grinder for 6 turns
  2826 | D:3      | Killed Grinder
  2826 | D:3      | Reached skill level 6 in Long Blades
  2826 | D:3      | Reached skill level 5 in Shields
  3324 | D:3      | Found a hazy altar of Hepliaklqana.
  3709 | D:4      | Noticed a hungry ghost
  3723 | D:4      | Killed a hungry ghost
  3723 | D:4      | Reached XP level 8. HP: 68/70 MP: 8/8
  3746 | D:5      | Entered Level 5 of the Dungeon
  3992 | D:5      | Got a polished large shield
  4003 | D:5      | Identified the +5 large shield "Rauvess" {-Cast rF+++ rC+ MR+} (You found it on level 5 of the Dungeon)
  4286 | D:5      | Reached skill level 7 in Long Blades
  4346 | D:5      | Found a sacrificial altar of Ru.
  4475 | D:5      | Found a staircase to the Ecumenical Temple.
  4524 | Temple   | Entered the Ecumenical Temple
  4856 | D:5      | Noticed Eustachio
  4892 | D:5      | Killed Eustachio
  5038 | D:6      | Reached skill level 8 in Long Blades
  5112 | D:6      | You fall through a shaft!
  5121 | D:7      | Became a worshipper of Beogh the Brigand
  5273 | D:7      | Reached XP level 9. HP: 79/79 MP: 9/9
  6007 | D:6      | Found a bloodstained altar of Trog.
  6007 | D:6      | Found an opulent altar of Gozag.
  6008 | D:6      | Found a hide-covered altar of Uskayaw.
  6036 | D:6      | Reached * piety under Beogh
  6390 | D:8      | Reached skill level 9 in Long Blades
  6412 | D:8      | Noticed Grum
  6479 | D:7      | Killed Grum
  6755 | D:8      | Found a snail-covered altar of Cheibriados.
  7212 | D:9      | Reached skill level 10 in Long Blades
  7280 | D:9      | Reached XP level 10. HP: 87/88 MP: 10/10
  7344 | D:9      | Reached ** piety under Beogh
  7674 | D:9      | Found a roughly hewn altar of Beogh.
  7739 | D:9      | Found a stormy altar of Qazlal.
  7812 | D:9      | Noticed a cyclops
  7828 | D:10     | Entered Level 10 of the Dungeon
  7833 | D:10     | Reached *** piety under Beogh
  7888 | D:10     | Noticed a hill giant
  7906 | D:10     | Killed a hill giant
  7906 | D:10     | Reached skill level 1 in Evocations
  8099 | D:10     | Reached skill level 11 in Long Blades
  8372 | D:10     | Found a staircase to the Lair.
  8457 | D:10     | Noticed a hill giant
  8477 | D:10     | Killed an unseen horror
  8477 | D:10     | Reached XP level 11. HP: 56/97 MP: 11/13
  8485 | D:10     | Killed a hill giant
  9030 | D:11     | Reached **** piety under Beogh
  9044 | D:11     | Noticed a hill giant
  9061 | D:11     | Killed a hill giant
  9097 | D:11     | Reached skill level 12 in Long Blades
  9148 | D:11     | Noticed a hill giant
  9158 | D:11     | Killed a hill giant
  9265 | D:11     | Noticed a cyan ugly thing
  9274 | D:11     | Killed a cyan ugly thing
  9351 | D:11     | Noticed a cyclops
  9362 | D:11     | Killed a cyclops
  9379 | D:11     | Noticed a green ugly thing
  9385 | D:11     | Noticed Sonja
  9388 | D:11     | Killed a green ugly thing
  9410 | D:11     | Killed Sonja
  9410 | D:11     | Reached skill level 10 in Fighting
  9676 | D:11     | Found a staircase to the Orcish Mines.
  9705 | Orc:1    | Entered Level 1 of the Orcish Mines
  9865 | Orc:1    | Noticed an orc knight
  9882 | Orc:1    | Killed an orc knight
  9993 | Orc:2    | Entered Level 2 of the Orcish Mines
  9995 | Orc:2    | Found Ypnoqigiab's Food Boutique.
 10013 | Orc:2    | Reached ***** piety under Beogh
 10052 | Orc:2    | Found a staircase to the Elven Halls.
 10073 | Orc:2    | Found a roughly hewn altar of Beogh.
 10127 | Orc:2    | Noticed Nessos
 10140 | Orc:2    | Noticed an orc knight
 10147 | Orc:2    | Killed Nessos
 10275 | D:11     | Reached XP level 12. HP: 86/107 MP: 15/15
 10310 | D:12     | Noticed Frances
 10318 | D:12     | Noticed a soul eater
 10334 | D:12     | Killed Frances
 10334 | D:12     | Gained Horkud as an ally
 10334 | D:12     | Reached skill level 13 in Long Blades
 10334 | D:12     | Reached skill level 5 in Evocations
 10488 | D:12     | Noticed a centaur warrior
 10496 | D:12     | Killed a centaur warrior
 10892 | D:13     | Found a gate to the Vaults.
 10892 | D:13     | Noticed a centaur warrior
 10892 | D:13     | Noticed Urug
 10923 | D:12     | Gained mutation: Scrolls take you a little longer to read. [potion of mutation]
 10923 | D:12     | Gained mutation: You are weak. (Str -2) [potion of mutation]
 10924 | D:12     | Gained mutation: You are robust. (+10% HP) [potion of mutation]
 10924 | D:12     | Gained mutation: Armour fits poorly on your strangely shaped body. [potion of mutation]
 10924 | D:12     | Gained mutation: You have a pair of small antennae on your head. [potion of mutation]
 10928 | D:12     | Reached skill level 14 in Long Blades
 10928 | D:12     | Reached skill level 10 in Armour
 10928 | D:12     | Reached skill level 10 in Shields
 10928 | D:12     | Reached XP level 13. HP: 119/127 MP: 17/17
 11501 | D:13     | Killed Urug
 11639 | D:13     | Noticed Erolcha
 11645 | D:13     | Killed Erolcha
 12456 | Orc:2    | Found Xusse's Antique Armour Shoppe.
 12456 | Orc:2    | Found Duboplea's Distillery.
 12458 | Orc:2    | Found Fuyzujih's Magic Scroll Boutique.
 12460 | Orc:2    | Found Kugux's Antique Armour Emporium.
 12465 | Orc:2    | Gained Margrim as an ally
 12467 | Orc:2    | Gained Berold as an ally
 12468 | Orc:2    | Your ally Berold died
 12508 | Orc:2    | Bought a potion of heal wounds for 75 gold pieces
 12509 | Orc:2    | Bought a pair of embroidered boots for 139 gold pieces
 12514 | Orc:2    | Identified a +0 pair of boots of running (You bought it in a shop on level 2 of the Orcish Mines)
 12517 | Orc:2    | Bought a scroll of acquirement for 780 gold pieces
 12527 | Orc:2    | Got a steaming plate armour
 12538 | Orc:2    | Identified the +0 plate armour of Shadows and Fog {rCorr Str-2 Dex+8} (You acquired it on level 2 of the Orcish Mines)
 12774 | Orc:2    | Found a roughly hewn altar of Beogh.
 13069 | Lair:1   | Entered Level 1 of the Lair of Beasts
 13203 | Lair:1   | Gained Borgun as an ally
 13203 | Lair:1   | Reached skill level 15 in Long Blades
 13376 | Lair:1   | Reached ****** piety under Beogh
 13744 | Lair:2   | Reached XP level 14. HP: 118/138 MP: 18/18
 13929 | Lair:2   | Found a staircase to the Swamp.
 14002 | Lair:2   | Gained Bogfrid as an ally
 14262 | Lair:2   | Gained Bladwarg as an ally
 15086 | Lair:3   | Found a hole to the Spider Nest.
 15920 | Lair:4   | Noticed vogonpoet's ghost (journeyman NaBe)
 15941 | Lair:4   | Killed vogonpoet's ghost
 16271 | Lair:4   | Gained Hilgar as an ally
 16332 | Lair:4   | Reached skill level 16 in Long Blades
 17051 | Lair:5   | You fall through a shaft!
 17051 | Lair:6   | Entered Level 6 of the Lair of Beasts
 17940 | Lair:6   | Gained mutation: You are agile. (Dex +2) [potion of mutation]
 18395 | Lair:6   | Found a viscous altar of Jiyva.
 18395 | Lair:6   | Found a staircase to the Slime Pits.
 18398 | Lair:6   | Reached XP level 15. HP: 149/149 MP: 20/20
 18866 | Lair:6   | Identified the Guide on Flying Aid
 19055 | Swamp:1  | Entered Level 1 of the Swamp
 19932 | Swamp:2  | Noticed Louise
 19964 | Swamp:2  | Reached skill level 17 in Long Blades
 19969 | Swamp:2  | Gained Oreg as an ally
 19978 | Swamp:2  | Killed Louise
 20358 | Swamp:3  | Noticed a thorn hunter
 20373 | Swamp:3  | Killed a thorn hunter
 20600 | Swamp:3  | Your ally Borgun died
 20803 | Swamp:4  | Entered Level 4 of the Swamp
 20939 | Swamp:3  | Noticed a thorn hunter
 20953 | Swamp:3  | Killed a thorn hunter
 21220 | Swamp:4  | Noticed a thorn hunter
 21233 | Swamp:4  | Killed a thorn hunter
 21502 | Swamp:4  | Reached XP level 16. HP: 160/160 MP: 22/22
 21503 | Swamp:4  | Noticed the 27-headed Lernaean hydra
 21807 | Elf:1    | Entered Level 1 of the Elven Halls
 22773 | Elf:2    | Found Ihextusaty's Weapon Shoppe.
 22811 | Elf:2    | Noticed Deemzul's ghost (adept OpMo)
 22822 | Elf:2    | Killed Deemzul's ghost
 22878 | Elf:2    | Found a huge runed gate.
 22878 | Elf:2    | Found a huge runed gate.
 22878 | Elf:2    | Found a huge runed gate.
 22879 | Elf:2    | Found a huge runed gate.
 22880 | Elf:2    | Found a huge runed gate.
 22971 | Elf:2    | Found a frozen archway.
 22984 | IceCv    | Entered an ice cave
 23007 | IceCv    | Reached skill level 1 in Dodging
 23077 | IceCv    | Gained Boderik as an ally
 23187 | IceCv    | Your ally Boderik died
 23221 | IceCv    | Reached skill level 18 in Long Blades
 23919 | IceCv    | Identified the Almanac of Sinister Ice (You found it in an ice cave)
 24229 | Elf:3    | Entered Level 3 of the Elven Halls
 24350 | Elf:3    | Reached skill level 10 in Evocations
 24802 | Elf:1    | Your ally Margrim died
 24808 | Elf:1    | Noticed a Brimstone Fiend
 24808 | Elf:1    | Gained Ugbert as an ally
 24816 | Elf:1    | Reached XP level 17. HP: 39/169 MP: 24/24
 25281 | Spider:1 | Entered Level 1 of the Spider Nest
 25384 | Spider:1 | Reached skill level 15 in Fighting
 26913 | Spider:3 | Your ally Hilgar died
 27244 | Spider:4 | Entered Level 4 of the Spider Nest
 28370 | Spider:4 | Your ally Bladwarg died
 28545 | Spider:4 | Your ally Bogfrid died
 28836 | Spider:4 | Got a gossamer rune of Zot
 29092 | Spider:3 | Gained Garbold as an ally
 29406 | Vaults:1 | Entered Level 1 of the Vaults
 29447 | Vaults:1 | Reached XP level 18. HP: 182/182 MP: 26/26
 29628 | Vaults:1 | Reached skill level 5 in Dodging
 30461 | Vaults:2 | Noticed Donald
 30467 | Vaults:2 | Killed Donald
 30492 | Vaults:2 | Gained mutation: You evolve. [mutagenic meat]
 30579 | Vaults:2 | Reached skill level 15 in Armour
 30638 | Vaults:2 | Found a staircase to the Crypt.
 30922 | Vaults:2 | Reached skill level 19 in Long Blades
 30942 | Vaults:2 | Your ally Ugbert died
 31071 | Vaults:2 | Reached skill level 15 in Shields
 31341 | Vaults:1 | Found a glowing golden altar of the Shining One.
 31581 | Vaults:1 | Lost mutation: You are weak. (Str -2) [mutagenic meat]
 31587 | Vaults:1 | Lost mutation: You are robust. (+10% HP) [mutagenic meat]
 31590 | Vaults:1 | Gained mutation: You are covered in fur. (AC +1) [mutagenic meat]
 31596 | Vaults:1 | Gained mutation: Your magical capacity is low. (-10% MP) [mutagenic meat]
 31602 | Vaults:1 | Lost mutation: Scrolls take you a little longer to read. [mutagenic meat]
 31605 | Vaults:1 | Gained mutation: You expend magic power (3 MP) to strengthen your wands. [mutagenic meat]
 31984 | Vaults:1 | Reached XP level 19. HP: 164/174 MP: 25/25
 32677 | Vaults:3 | Gained mutation: You are dopey. (Int -2) [mutagenic meat]
 32683 | Vaults:3 | Gained mutation: Your movements are slightly less encumbered by armour. (ER -2) [mutagenic meat]
 32686 | Vaults:3 | Gained mutation: You have a somewhat thin skeletal structure. (Dex +2, Stealth) [mutagenic meat]
 32689 | Vaults:3 | Lost mutation: Your magical capacity is low. (-10% MP) [mutagenic meat]
 32692 | Vaults:3 | Lost mutation: You expend magic power (3 MP) to strengthen your wands. [mutagenic meat]
 32695 | Vaults:3 | Gained mutation: You have sharp toenails. [mutagenic meat]
 32698 | Vaults:3 | Gained mutation: You are frail. (-10% HP) [mutagenic meat]
 32701 | Vaults:3 | Gained mutation: You are very agile. (Dex +4) [mutagenic meat]
 33480 | Vaults:3 | Lost mutation: You are frail. (-10% HP) [mutagenic meat]
 33483 | Vaults:3 | Gained mutation: Your body sometimes deteriorates upon taking damage. [mutagenic meat]
 33486 | Vaults:3 | Gained mutation: You passively map a small area around you. [mutagenic meat]
 33489 | Vaults:3 | Gained mutation: You are partially covered in yellow scales. (AC +2) [mutagenic meat]
 33492 | Vaults:3 | Lost mutation: Armour fits poorly on your strangely shaped body. [mutagenic meat]
 34207 | Vaults:4 | Found a flickering gateway to a bazaar.
 34241 | Bazaar   | Entered a bazaar
 34241 | Bazaar   | Found Qeusor's Antique Armour Shop.
 34252 | Bazaar   | Found Ymaet's Book Shoppe.
 34272 | Bazaar   | Found Hoduodd's Magic Scroll Boutique.
 34278 | Bazaar   | Found Ginkaf's Assorted Antiques.
 34284 | Bazaar   | Found Sopn's Food Boutique.
 34304 | Bazaar   | Bought a scroll of magic mapping for 45 gold pieces
 34304 | Bazaar   | Bought a scroll of identify for 26 gold pieces
 34304 | Bazaar   | Bought a scroll of teleportation for 39 gold pieces
 34304 | Bazaar   | Bought a scroll of remove curse for 39 gold pieces
 34304 | Bazaar   | Bought a scroll of teleportation for 39 gold pieces
 34602 | Vaults:4 | Found a glowing golden altar of the Shining One.
 35114 | Vaults:4 | Your ally Garbold died
 35391 | Vaults:5 | Entered Level 5 of the Vaults
 35423 | Vaults:5 | Noticed an ancient lich
 35498 | Vaults:4 | Reached XP level 20. HP: 166/184 MP: 29/29
 35776 | Vaults:5 | Noticed an ancient lich
 35803 | Vaults:4 | Killed an ancient lich
 36638 | Vaults:2 | Got a bloodstained scimitar
 36639 | Vaults:2 | Identified the +5 scimitar of Nuemiol {freeze, Str+6 Stlth-} (You found it on level 2 of the Vaults)
 36863 | Crypt:1  | Entered Level 1 of the Crypt
 37034 | Vaults:4 | Killed an ancient lich
 37321 | Vaults:4 | Reached skill level 20 in Long Blades
 38014 | Vaults:5 | Noticed an ancient lich
 39657 | Elf:3    | Noticed a Tzitzimitl
 39928 | Elf:3    | Reached XP level 21. HP: 168/193 MP: 31/31
 39952 | Elf:3    | Reached skill level 1 in Invocations
 39968 | Elf:3    | Gained Olfik as an ally
 40108 | Elf:3    | Your ally Olfik died
 40352 | Elf:3    | Identified the Papyrus of Vitriolic Calling
 40370 | Elf:3    | Identified Zuitad's Tome of the Escort and the Mountains
 40376 | Elf:3    | Identified the Disquisition on Conjuration
 40447 | Elf:3    | Got a crude jade amulet
 40448 | Elf:3    | Identified the amulet "Sabuatits" {rElec rF+ Regen+ Str+3} (You took it off a deep elf demonologist on level 3 of the Elven Halls)
 40762 | Elf:3    | Found a bloodstained altar of Trog.
 41694 | Vaults:4 | Killed an ancient lich
 41926 | Vaults:5 | Gained Orgrim as an ally
 41996 | Vaults:5 | Reached skill level 5 in Invocations
 41998 | Vaults:5 | Gained Oruk as an ally
 42251 | Vaults:5 | Got a silver rune of Zot
 42267 | Vaults:5 | Your ally Orgrim died
 42322 | Vaults:5 | Got a fine golden ring
 42324 | Vaults:5 | Identified the cursed ring of Ysisuth {MP+9 Str-5} (You took it off a deep elf mage on level 5 of the Vaults)
 42356 | Vaults:5 | Identified the Incunabulum of Attacks (You found it on level 5 of the Vaults)
 42411 | Vaults:5 | Reached XP level 22. HP: 203/203 MP: 32/32
 42497 | Vaults:5 | Got a crude platinum ring
 42501 | Vaults:5 | Identified the ring of Kyideh {rF+ rC+ MR+} (You found it on level 5 of the Vaults)
 42557 | Vaults:5 | Identified Kymmothru's Tome of Confrontation
 44575 | Crypt:1  | Reached skill level 10 in Dodging
 44613 | Crypt:1  | Gained mutation: You can translocate small distances at will. [evolution]
 45181 | Crypt:2  | Noticed Sojobo
 45192 | Crypt:2  | Killed Sojobo
 45912 | Crypt:3  | Entered Level 3 of the Crypt
 45916 | Crypt:3  | Found a staircase to the Tomb.
 46093 | Crypt:3  | Reached skill level 15 in Evocations
 46388 | Crypt:3  | Gained Morun as an ally
 46463 | Crypt:3  | Noticed Jory
 46482 | Crypt:3  | Killed Jory
 46482 | Crypt:3  | Reached skill level 21 in Long Blades
 46545 | Crypt:3  | Got a smoking pewter amulet
 46546 | Crypt:3  | Identified the amulet "Suotim" {Fragile rPois rF++ rC- Regen+} (You took it off Jory on level 3 of the Crypt)
 46641 | Crypt:3  | Reached XP level 23. HP: 164/213 MP: 34/34
 46660 | Crypt:3  | Identified the Reference Book on Fire
 46674 | Crypt:3  | Got a scintillating bronze ring
 46675 | Crypt:3  | Identified the ring "Geitwiog" {rN+ Int+4} (You found it on level 3 of the Crypt)
 46688 | Crypt:3  | Got an encrusted plate armour
 46689 | Crypt:3  | Identified the +5 plate armour of Voiploybb {*Confuse rElec Str+6 Int+2} (You found it on level 3 of the Crypt)
 46700 | Crypt:3  | Got a glittering ivory ring
 46701 | Crypt:3  | Identified the ring "Maocwun" {+Blink rN+ MR+ Str-2} (You found it on level 3 of the Crypt)
 47001 | Crypt:3  | Your ally Morun died
 48431 | Swamp:4  | Killed the 17-headed Lernaean hydra
 49003 | Swamp:4  | Got a decaying rune of Zot
 49378 | Swamp:4  | Gained Herok as an ally
 50052 | D:13     | Got a pair of polished gloves
 50058 | D:13     | Identified the +0 pair of gloves of Difulysch {rF- rCorr Int+6 Dex+2} (You found it on level 13 of the Dungeon)
 50179 | D:14     | Noticed Azrael
 50185 | D:14     | Killed Azrael
 50220 | D:14     | Gained Wulfoc as an ally
 50356 | D:14     | Noticed Rupert
 50366 | D:14     | Killed Rupert
 50850 | D:15     | Entered Level 15 of the Dungeon
 50853 | D:15     | Your ally Wulfoc died
 51038 | D:15     | Noticed Deemzul's ghost (journeyman HOFi)
 51044 | D:15     | Killed Deemzul's ghost
 51353 | D:15     | Found a staircase to the Depths.
 51394 | Depths:1 | Entered Level 1 of the Depths
 51552 | Depths:1 | Found a white marble altar of Elyvilon.
 51552 | Depths:1 | Found a glowing golden altar of the Shining One.
 51556 | Depths:1 | Found a glowing silver altar of Zin.
 52436 | Depths:1 | Your ally Herok died
 52708 | Depths:1 | Found a gateway to Hell.
 52788 | Hell     | Entered the Vestibule of Hell
 52788 | Hell     | Noticed Geryon
 52821 | Hell     | Noticed Murray
 52972 | Depths:1 | Killed Murray
 52972 | Depths:1 | Reached XP level 24. HP: 80/223 MP: 33/34
 53157 | Hell     | Killed Geryon
 53220 | Hell     | Found a gateway to the ashen valley of Gehenna.
 53269 | Geh:1    | Entered Level 1 of Gehenna
 53269 | Geh:1    | Found a gateway to Hell.
 53702 | Geh:2    | Found a gateway to Hell.
 54058 | Geh:2    | Found a gateway to Hell.
 54058 | Geh:2    | Found a gateway to Hell.
 54271 | Geh:2    | Gained Bogdar as an ally
 54385 | Geh:3    | Found a gateway to Hell.
 54680 | Geh:3    | Found a gateway to Hell.
 54751 | Geh:4    | Found a gateway to Hell.
 54751 | Geh:4    | Found a gateway to Hell.
 54798 | Geh:4    | You fall through a shaft for 2 floors!
 54889 | Geh:7    | Entered Level 7 of Gehenna
 54889 | Geh:7    | Found a gateway to Hell.
 54899 | Geh:7    | Found a gateway to Hell.
 55050 | Geh:7    | Lost mutation: You are very agile. (Dex +4) [evolution]
 55050 | Geh:7    | Lost mutation: You evolve. [end of evolution]
 55236 | Geh:7    | Gained Marbork as an ally
 55638 | Geh:7    | Reached XP level 25. HP: 233/233 MP: 35/35
 55670 | Geh:7    | Reached skill level 22 in Long Blades
 55778 | Geh:7    | Noticed Asmodeus
 55780 | Geh:7    | Killed from afar by a Brimstone Fiend

Vault maps used:
D:1:      dpeg_arrival_tiny_a
D:2:      overflow_temple_1_default, lemuel_zombie_altar_kikubaaqudgha,
          nicolae_overflow_crystal_walls, first_bread, uniq_sigmund,
          uniq_natasha
D:3:      old_standard_altar, minmay_stone_trees_small, uniq_grinder
D:5:      hangedman_ru_absence, uniq_eustachio
D:6:      gammafunk_temple_overflow_claw
D:8:      old_standard_altar, uniq_grum
D:9:      lemuel_round_altar, hangedman_fish_farm, lightli_minifort
D:10:     lair_0_dummy
D:11:     erik_orc_2, minmay_misc_feat_nine_boxes, st_stairs_7, uniq_sonja
D:12:     uniq_frances
D:13:     david_vaults_3, uniq_erolcha
D:14:     grunt_decor_arrowhead, uniq_azrael, uniq_rupert
D:15:     grunt_enter_depths_magical_seal, hangedman_abyss_or_decor_lesser_grid
Temple:   hc_temple_tempest_star
Lair:1:   minivault_24
Lair:2:   minmay_swamp_entry_worms, st_stairs_12, minivault_27,
          minmay_lindwurm_lava
Lair:3:   dummy_spider_entry, serial_bayou_pond_b
Lair:4:   serial_bayou_shore_b, grunt_megastairs_3
Lair:5:   uniq_urug
Lair:6:   evilmike_catoblepas_cave, dpeg_slime_entry_enclosed_altar,
          lemuel_fruit_fields, bh_autumn_forest_stairs, serial_bayou_shore_b
Swamp:1:  evilmike_swamp_ruin_rubble_2
Swamp:2:  hangedman_swamp_blocks, uniq_louise
Swamp:3:  serial_swamp_ruin, evilmike_swamp_ruin_house_3,
          evilmike_swamp_ruin_house_2, evilmike_swamp_ruin_house_5
Swamp:4:  swamp_old_school, swamp_pool4
Spider:2: zaba_antful_of_joy
Spider:4: grunt_spider_rune_circles
Orc:1:    cheibrodos_orc_bank
Orc:2:    st_orc_rangers, serial_shops, shop, basic_altar,
          david_defended_altar_orc, uniq_nessos
Elf:1:    orc_legates, hex_medium, abandoned_shop, st_stairs_10,
          dk_noncrumbling_4, small_chamber_with_monster,
          hangedman_elf_simple_split
Elf:2:    serial_shops, nicolae_shop_trees,
          portal_ice_cave_entry_ice_statue_one, basic_stair_grate_trap
Elf:3:    minmay_elf_hall_statues, evilmike_spriggan_trog_shrine
Vaults:1: hangedman_vaults_slice, vaults_room_grunt_arrival_ludios,
          nicolae_vaults_network_square, vaults_room_grid, v_misc_13,
          hangedman_vaults_cutoff, ontoclasm_vaults_gateway,
          ontoclasm_vaults_ring_small, v_alt_pattern_2, v_misc_1,
          nicolae_vaults_statue_guard, basic_altar
Vaults:2: blue_anna_dwarven_crypt, st_greater_box_3, v_misc_14,
          hangedman_vaults_stream, ontoclasm_vaults_twist,
          ontoclasm_vaults_idyll, vaults_room_semicircle,
          nicolae_vaults_diagonal_hallway_7, nicolae_vaults_sealed_display,
          uniq_donald
Vaults:3: v_rooms_1, vaults_room_door_hall, v_misc_13,
          nicolae_vaults_network_periphery, v_alt_pattern_2, v_misc_3,
          v_rooms_3, ontoclasm_vaults_idyll, vaults_dpeg_ring
Vaults:4: v_rooms_2, v_misc_9, nicolae_vaults_alarming,
          ontoclasm_vaults_ligature, hangedman_vaults_restitches, v_rooms_5,
          nicolae_vaults_asterisk, vaults_dpeg_encased_lava, vaults_mumra_hex,
          st_more_cells, basic_altar, serial_shops, bzr_entry_gold
Crypt:1:  nicolae_crypt_soggy_tomb
Crypt:2:  minmay_shadows, uniq_sojobo
Crypt:3:  due_elkab
Depths:1: serial_sigils_hangedman_confine, grunt_hell_entry_demonic_statue,
          hallowed_hall
Depths:2: cell_vault, pf_hell_entry_tar_river, minmay_misc_feat_square,
          abyss_entry_flame_altar, eino_tiny_chamber, minmay_gold_behind_fungi,
          serial_bayou_shore_b
Geh:1:    grunt_megastairs_5
Geh:3:    nicolae_geh_single_fiery_grave
Geh:4:    lemuel_elevator
Geh:7:    geh_mu
Bazaar:   bazaar_kb_twisted_cavern
IceCv:    ice_cave_caverns_02

Skill      XL: |  1  2  3  4  5  6  7  8  9 10 11 12 13 14 15 16 17 18 19 20 21 22 23 24 25 |
---------------+----------------------------------------------------------------------------+-----
Long Blades    | 4 5 6 8 10 11 12 14 15 16 17 18 19 20 21 22 | 22.0
Fighting       | 4 5 6 7 8 9 10 11 12 13 14 15 16 17 18 19 20 | 20.6
Armour         | 4 5 6 7 8 9 10 11 12 13 14 15 16 17 18 19 | 19.4
Shields        | 4 5 6 7 8 9 10 11 12 13 14 15 16 17 18 | 18.9
Evocations     | 2 4 5 6 7 9 10 11 12 13 14 15 16 | 16.5
Dodging        | 2 4 6 7 8 9 10 11 12 | 12.2
Invocations    | 6 8 |  8.0

Action                   |  1- 3 |  4- 6 |  7- 9 | 10-12 | 13-15 | 16-18 | 19-21 | 22-24 | 25-27 || total
-------------------------+-------+-------+-------+-------+-------+-------+-------+-------+-------++-------
Melee: Long sword        |   121 |   191 |   578 |   586 |  1293 |   339 |       |    87 |       ||  3195
       Scimitar          |       |       |       |       |       |  1370 |  1255 |   852 |       ||  3477
       Demon blade       |       |       |       |       |       |       |   236 |  1724 |    22 ||  1982
 Fire: Blowgun           |       |       |       |       |     4 |       |       |       |       ||     4
Invok: Convert to Beogh  |       |       |     1 |       |       |       |       |       |       ||     1
       Recall Orcish Fol |       |       |       |     1 |    15 |    17 |    16 |    10 |       ||    59
       Stop Recall       |       |       |       |       |    10 |     4 |       |       |       ||    14
       Give Item to Name |       |       |       |       |       |       |     1 |       |       ||     1
       Resurrection      |       |       |       |       |       |       |       |     2 |       ||     2
Evoke: Wand              |       |       |       |    13 |     1 |       |       |     1 |     1 ||    16
       Rod               |       |       |       |       |    18 |     6 |     2 |       |       ||    26
       Lamp of fire      |       |       |       |       |       |     3 |     4 |     4 |       ||    11
       Phial of floods   |       |       |       |       |       |     2 |     2 |     5 |       ||     9
       Fan of gales      |       |       |       |       |       |       |       |     1 |       ||     1
       Sack of spiders   |       |       |       |       |       |       |       |     1 |       ||     1
       Phantom mirror    |       |       |       |       |       |       |       |     1 |       ||     1
       Horn of Geryon    |       |       |       |       |       |       |       |       |     1 ||     1
  Use: Potion            |     1 |     2 |       |     6 |     6 |    10 |     3 |     5 |       ||    33
       Scroll            |       |       |     3 |     2 |    19 |     6 |     7 |     7 |     1 ||    45
 Stab: Confused          |       |       |       |     2 |       |       |       |       |       ||     2
       Distracted        |       |       |       |     1 |    16 |    14 |    23 |    25 |       ||    79
       Held in net/web   |       |       |       |       |       |     1 |       |       |       ||     1
  Eat: Chunk             |       |     5 |    17 |    11 |    31 |    35 |    50 |    13 |       ||   162
       Beef jerky        |       |       |     1 |       |     1 |       |     1 |     6 |       ||     9
       Pizza             |       |       |       |     1 |     1 |     1 |       |     4 |       ||     7
       Royal jelly       |       |       |       |       |     1 |       |       |     2 |       ||     3
       Meat ration       |       |       |       |       |     1 |     2 |       |     3 |       ||     6
       Fruit             |       |       |       |       |       |     4 |       |       |       ||     4
Armor: Scale mail        |    39 |    85 |    86 |       |       |       |       |       |       ||   210
       Plate armour      |       |       |   103 |   183 |   287 |   418 |   354 |       |       ||  1345
       Crystal plate arm |       |       |       |       |       |       |   111 |   797 |     3 ||   911
Dodge: Dodged            |    37 |    41 |    77 |    35 |   178 |   326 |   470 |   646 |       ||  1810
Block: Shield            |    50 |   100 |    77 |       |       |       |       |       |       ||   227
       Large shield      |       |       |   423 |   653 |  1466 |  1896 |  1893 |  3207 |    25 ||  9563
